| TOP OF THE 1ST |
|
Arizona Diamondbacks batting - Pitching for Cincinnati Reds : RHP Matt Moffat
|
|
Pitching: RHP Matt Moffat
|
|
|
Batting: RHB Katilimomi Kelekolio
|
0-0: Foul Ball, location: 2F 0-1: Ball 1-1: SOLO HOME RUN (Flyball, 9D, EV 98.8 MPH), Distance : 387 ft
|
|
Batting: LHB Roy Steigerwald
|
0-0: Foul Ball, location: 2F 0-1: Ball 1-1: Fly out, F7 (Flyball, 7D, EV 106.2 MPH)
|
|
Batting: SHB Alec Thorpe
|
0-0: Ball 1-0: Foul Ball, location: 2F 1-1: Foul Ball, location: 2F 1-2: SINGLE (Line Drive, 89S, EV 91.9 MPH)
|
|
Batting: SHB Perry Tuckfard
|
0-0: Called Strike Alec Thorpe is caught stealing 2nd base 2-6 0-1: Ball 1-1: Ground out 1-3 (Groundball, 15S, EV 74.4 MPH)
|
| Top of the 1st over - 1 run, 2 hits, 0 errors, 0 left on base; Arizona 1 - Cincinnati 0 |
| BOTTOM OF THE 1ST |
|
Cincinnati Reds batting - Pitching for Arizona Diamondbacks : RHP Nate Machado
|
|
Pitching: RHP Nate Machado
|
|
|
Batting: LHB Ricky Ayon
|
0-0: Ball 1-0: Foul Ball, location: 2F 1-1: Swinging Strike 1-2: Strikes out looking
|
|
Batting: RHB Joseph Kirchmann
|
0-0: Swinging Strike 0-1: Ball 1-1: Ball 2-1: Ball 3-1: Fly out, F6 (Line Drive, 6M, EV 68.1 MPH)
|
|
Batting: SHB Jun Tsuda
|
0-0: Called Strike 0-1: Foul Ball, location: 2F 0-2: Strikes out swinging
|
| Bottom of the 1st over - 0 runs, 0 hits, 0 errors, 0 left on base; Arizona 1 - Cincinnati 0 |
| TOP OF THE 2ND |
|
Arizona Diamondbacks batting - Pitching for Cincinnati Reds : RHP Matt Moffat
|
|
Batting: LHB Joel Kunkler
|
0-0: Ball 1-0: Ground out 4-3 (Groundball, 34D, EV 84.4 MPH)
|
|
Batting: LHB Jason Peck
|
0-0: Ball 1-0: Called Strike 1-1: Called Strike 1-2: Hit by Pitch
|
|
Batting: RHB Andy Swaim
|
0-0: Ball 1-0: Swinging Strike 1-1: Foul Ball, location: 2F 1-2: Ball 2-2: Foul Ball, location: 2F 2-2: Strikes out looking
|
|
Batting: SHB Salvador Aragon
|
0-0: Ball 1-0: Called Strike 1-1: Swinging Strike 1-2: Ball 2-2: Ground out 6-3 (Groundball, 6M, EV 91.2 MPH)
|
| Top of the 2nd over - 0 runs, 0 hits, 0 errors, 1 left on base; Arizona 1 - Cincinnati 0 |
| BOTTOM OF THE 2ND |
|
Cincinnati Reds batting - Pitching for Arizona Diamondbacks : RHP Nate Machado
|
|
Batting: LHB Chris Grunwald
|
0-0: Ball 1-0: Swinging Strike 1-1: Ball 2-1: Ball 3-1: Called Strike 3-2: Base on Balls
|
|
Batting: SHB Dave Barefoot
|
0-0: Grounds into double play, 6-4-3 (Groundball, 56, EV 105.6 MPH)
|
|
Batting: RHB Fred Slade
|
0-0: Foul Ball, location: 2F 0-1: Foul Ball, location: 2F 0-2: Ball 1-2: Strikes out looking
|
| Bottom of the 2nd over - 0 runs, 0 hits, 0 errors, 0 left on base; Arizona 1 - Cincinnati 0 |
| TOP OF THE 3RD |
|
Arizona Diamondbacks batting - Pitching for Cincinnati Reds : RHP Matt Moffat
|
|
Batting: LHB Mike Mentzer
|
0-0: Ball 1-0: Called Strike 1-1: Ball 2-1: Fly out, F9 (Flyball, 89M, EV 93.1 MPH)
|
|
Batting: RHB Katilimomi Kelekolio
|
0-0: Ball 1-0: Called Strike 1-1: Ball 2-1: Fly out, F7 (Line Drive, 78M, EV 92.5 MPH)
|
|
Batting: LHB Roy Steigerwald
|
0-0: Called Strike 0-1: Ball 1-1: Swinging Strike 1-2: Ball 2-2: Foul Ball, location: 2F 2-2: Ball 3-2: Base on Balls
|
|
Batting: SHB Alec Thorpe
|
0-0: Ball 1-0: Called Strike 1-1: Foul Ball, location: 2F 1-2: Foul Ball, location: 2F 1-2: DOUBLE (Flyball, 8RXD, EV 101.2 MPH) Roy Steigerwald to third Runner from 3rd tries for Home, SAFE, throw by CF to trailing runner, SAFE at third!
|
|
Batting: SHB Perry Tuckfard
|
0-0: Swinging Strike 0-1: Ball 1-1: Called Strike 1-2: Strikes out swinging
|
| Top of the 3rd over - 1 run, 1 hit, 0 errors, 1 left on base; Arizona 2 - Cincinnati 0 |
| BOTTOM OF THE 3RD |
|
Cincinnati Reds batting - Pitching for Arizona Diamondbacks : RHP Nate Machado
|
|
Batting: RHB Willie Lazcano
|
0-0: Swinging Strike 0-1: Ball 1-1: Ground out 4-3 (Groundball, 4MS, EV 85.0 MPH)
|
|
Batting: LHB Jon Ledesma
|
0-0: Ball 1-0: Ball 2-0: Called Strike 2-1: SINGLE (Line Drive, 6D, EV 100.0 MPH)
|
|
Batting: RHB Omar Quintana
|
0-0: Called Strike 0-1: Called Strike 0-2: Strikes out swinging
|
|
Batting: LHB Ricky Ayon
|
0-0: Ball 1-0: Called Strike 1-1: Foul Ball, location: 2F 1-2: Ball 2-2: Strikes out swinging
|
| Bottom of the 3rd over - 0 runs, 1 hit, 0 errors, 1 left on base; Arizona 2 - Cincinnati 0 |
| TOP OF THE 4TH |
|
Arizona Diamondbacks batting - Pitching for Cincinnati Reds : RHP Matt Moffat
|
|
Batting: LHB Joel Kunkler
|
0-0: Ball 1-0: Foul Ball, location: 2F 1-1: Ball 2-1: Ball 3-1: Foul Ball, location: 2F 3-2: Foul Ball, location: 2F 3-2: Base on Balls
|
|
Batting: LHB Jason Peck
|
0-0: Ball 1-0: Ball 2-0: Called Strike 2-1: Called Strike 2-2: Ground out 5-3 (Groundball, 56, EV 101.2 MPH) Joel Kunkler to second
|
|
Batting: RHB Andy Swaim
|
0-0: Fly out, F9 (Flyball, 9LM, EV 87.5 MPH)
|
|
Batting: SHB Salvador Aragon
|
0-0: Ball 1-0: Fly out, F6 (Popup, 6, EV 52.5 MPH)
|
| Top of the 4th over - 0 runs, 0 hits, 0 errors, 1 left on base; Arizona 2 - Cincinnati 0 |
| BOTTOM OF THE 4TH |
|
Cincinnati Reds batting - Pitching for Arizona Diamondbacks : RHP Nate Machado
|
|
Batting: RHB Joseph Kirchmann
|
0-0: Ball 1-0: Called Strike 1-1: Foul Ball, location: 2F 1-2: Fly out, F7 (Line Drive, 7, EV 95.6 MPH)
|
|
Batting: SHB Jun Tsuda
|
0-0: Ball 1-0: Ball 2-0: Ball 3-0: Base on Balls
|
|
Batting: LHB Chris Grunwald
|
0-0: Called Strike 0-1: Ball 1-1: Ball 2-1: Fly out, F7 (Line Drive, 78M, EV 96.2 MPH)
|
|
Batting: SHB Dave Barefoot
|
0-0: Foul Ball, location: 2F 0-1: Ball 1-1: Ball 2-1: SINGLE (Groundball, 34D, EV 98.1 MPH) Jun Tsuda to second Runner from 2nd tries for 3rd, SAFE, throw by RF made at trailing runner, OUT! 9-6
|
| Bottom of the 4th over - 0 runs, 1 hit, 0 errors, 1 left on base; Arizona 2 - Cincinnati 0 |
| TOP OF THE 5TH |
|
Arizona Diamondbacks batting - Pitching for Cincinnati Reds : RHP Matt Moffat
|
|
Batting: LHB Mike Mentzer
|
0-0: Fly out, F2 (Popup, 13S, EV 89.4 MPH)
|
|
Batting: RHB Katilimomi Kelekolio
|
0-0: Called Strike 0-1: Ball 1-1: Called Strike 1-2: Ball 2-2: Ground out 6-3 (Groundball, 56, EV 101.9 MPH)
|
|
Batting: LHB Roy Steigerwald
|
0-0: Ball 1-0: Ball 2-0: SINGLE (Groundball, 4MS, EV 68.8 MPH) (infield hit)
|
|
Batting: SHB Alec Thorpe
|
0-0: Ball 1-0: Ball 2-0: Ball 3-0: Base on Balls Roy Steigerwald to second
|
|
Batting: SHB Perry Tuckfard
|
0-0: Fly out, F9 (Flyball, 9LM, EV 98.1 MPH)
|
| Top of the 5th over - 0 runs, 1 hit, 0 errors, 2 left on base; Arizona 2 - Cincinnati 0 |
| BOTTOM OF THE 5TH |
|
Cincinnati Reds batting - Pitching for Arizona Diamondbacks : RHP Nate Machado
|
|
Batting: RHB Fred Slade
|
0-0: Ball 1-0: Ground out 4-3 (Groundball, 4, EV 91.9 MPH)
|
|
Batting: RHB Willie Lazcano
|
0-0: Called Strike 0-1: Ball 1-1: Foul Ball, location: 2F 1-2: Ball 2-2: Foul Ball, location: 2F 2-2: Ball 3-2: Ground out 6-3 (Groundball, 6MD, EV 99.4 MPH)
|
|
Batting: LHB Jon Ledesma
|
0-0: Called Strike 0-1: Foul Ball, location: 2F 0-2: Foul Ball, location: 2F 0-2: Strikes out looking
|
| Bottom of the 5th over - 0 runs, 0 hits, 0 errors, 0 left on base; Arizona 2 - Cincinnati 0 |
| TOP OF THE 6TH |
|
Arizona Diamondbacks batting - Pitching for Cincinnati Reds : RHP Matt Moffat
|
|
Batting: LHB Joel Kunkler
|
0-0: Hit by Pitch
|
|
Batting: LHB Jason Peck
|
0-0: Hit by Pitch Joel Kunkler to second
|
|
Batting: RHB Andy Swaim
|
0-0: SINGLE (Groundball, 4MD, EV 109.4 MPH) Joel Kunkler to third Jason Peck to second Runner from 3rd tries for Home, SAFE, throw by CF to home
|
|
Batting: SHB Salvador Aragon
|
0-0: SINGLE (Line Drive, 78S, EV 95.0 MPH) Jason Peck to third Andy Swaim to second
|
|
Batting: LHB Mike Mentzer
|
0-0: Foul Ball, location: 2F 0-1: Ball 1-1: Ball 2-1: Called Strike 2-2: Ball 3-2: Grounds into fielders choice 6-2 (Groundball, 4, EV 103.1 MPH) Andy Swaim to third Salvador Aragon to second
|
|
Batting: RHB Katilimomi Kelekolio
|
0-0: Ball 1-0: Ball 2-0: Called Strike 2-1: Ball 3-1: Foul Ball, location: 2F 3-2: Base on Balls Andy Swaim scores Salvador Aragon to third Mike Mentzer to second
|
|
Batting: LHB Roy Steigerwald
|
0-0: Ball 1-0: Called Strike 1-1: Called Strike 1-2: Foul Ball, location: 2F 1-2: Ball 2-2: Fielders Choice at 2nd, 3-6 (Groundball, 34, EV 88.1 MPH) Salvador Aragon scores Mike Mentzer to third
|
|
Pitching: RHP Ragnar Alqvist
|
|
|
Batting: SHB Alec Thorpe
|
0-0: Ball 1-0: Ball 2-0: Swinging Strike 2-1: Ball 3-1: Foul Ball, location: 2F 3-2: Fly out, F3 (Line Drive, 34, EV 72.5 MPH)
|
| Top of the 6th over - 3 runs, 2 hits, 0 errors, 2 left on base; Arizona 5 - Cincinnati 0 |
| BOTTOM OF THE 6TH |
|
Cincinnati Reds batting - Pitching for Arizona Diamondbacks : RHP Nate Machado
|
|
Batting: RHB Omar Quintana
|
0-0: Ball 1-0: Called Strike 1-1: Foul Ball, location: 2F 1-2: Strikes out swinging
|
|
Batting: LHB Ricky Ayon
|
0-0: Ball 1-0: Foul Ball, location: 2F 1-1: Ball 2-1: Foul Ball, location: 2F 2-2: Ball 3-2: Fly out, F8 (Flyball, 89M, EV 99.4 MPH)
|
|
Batting: RHB Joseph Kirchmann
|
0-0: Ball 1-0: Foul Ball, location: 2F 1-1: Ball 2-1: Foul Ball, location: 2F 2-2: Ground out U3 (Groundball, 3, EV 83.8 MPH)
|
| Bottom of the 6th over - 0 runs, 0 hits, 0 errors, 0 left on base; Arizona 5 - Cincinnati 0 |
| TOP OF THE 7TH |
|
Arizona Diamondbacks batting - Pitching for Cincinnati Reds : RHP Ragnar Alqvist
|
|
Batting: SHB Perry Tuckfard
|
0-0: Ball 1-0: Ball 2-0: Foul Ball, location: 2F 2-1: Foul Ball, location: 2F 2-2: Foul Ball, location: 2F 2-2: Ground out 1-3 (Groundball, 13S, EV 71.9 MPH)
|
|
Batting: LHB Joel Kunkler
|
0-0: Ball 1-0: Ball 2-0: Ground out 6-3 (Groundball, 4M, EV 85.0 MPH)
|
|
Batting: LHB Jason Peck
|
0-0: Ball 1-0: Called Strike 1-1: Foul Ball, location: 2F 1-2: Ground out 3-1 (Groundball, 34, EV 105.6 MPH)
|
| Top of the 7th over - 0 runs, 0 hits, 0 errors, 0 left on base; Arizona 5 - Cincinnati 0 |
| BOTTOM OF THE 7TH |
|
Cincinnati Reds batting - Pitching for Arizona Diamondbacks : RHP Nate Machado
|
|
Batting: SHB Jun Tsuda
|
0-0: Foul Ball, location: 2F 0-1: Ground out U3 (Groundball, 3, EV 75.6 MPH)
|
|
Batting: LHB Chris Grunwald
|
0-0: Called Strike 0-1: Ball 1-1: Ball 2-1: Foul Ball, location: 2F 2-2: Ball 3-2: Strikes out swinging
|
|
Batting: SHB Dave Barefoot
|
0-0: Ball 1-0: Ball 2-0: Called Strike 2-1: SINGLE (Flyball, 3D, EV 90.6 MPH)
|
|
Batting: RHB Fred Slade
|
0-0: Called Strike 0-1: Foul Ball, location: 2F 0-2: Ground out 6-3 (Groundball, 6S, EV 82.5 MPH)
|
| Bottom of the 7th over - 0 runs, 1 hit, 0 errors, 1 left on base; Arizona 5 - Cincinnati 0 |
| TOP OF THE 8TH |
|
Arizona Diamondbacks batting - Pitching for Cincinnati Reds : RHP Ragnar Alqvist
|
|
Batting: RHB Andy Swaim
|
0-0: Ball 1-0: Foul Ball, location: 2F 1-1: Ball 2-1: Foul Ball, location: 2F 2-2: Strikes out looking
|
|
Batting: SHB Salvador Aragon
|
0-0: Ball 1-0: Called Strike 1-1: Foul Ball, location: 2F 1-2: Strikes out swinging
|
|
Batting: LHB Mike Mentzer
|
0-0: Ball 1-0: Called Strike 1-1: SINGLE (Line Drive, 8RS, EV 93.8 MPH)
|
|
Batting: RHB Katilimomi Kelekolio
|
0-0: Ball 1-0: Ball 2-0: Ball 3-0: Called Strike Pickoff Throw by Catcher to First - Out!
|
| Top of the 8th over - 0 runs, 1 hit, 0 errors, 0 left on base; Arizona 5 - Cincinnati 0 |
| BOTTOM OF THE 8TH |
|
Cincinnati Reds batting - Pitching for Arizona Diamondbacks : RHP Nate Machado
|
|
Batting: RHB Willie Lazcano
|
0-0: Foul Ball, location: 2F 0-1: Ball 1-1: Swinging Strike 1-2: Ball 2-2: Foul Ball, location: 2F 2-2: Strikes out looking
|
|
Batting: LHB Jon Ledesma
|
0-0: Called Strike 0-1: Ball 1-1: Foul Ball, location: 2F 1-2: Ground out 4-3 (Groundball, 4, EV 86.2 MPH)
|
|
Batting: RHB Omar Quintana
|
0-0: Called Strike 0-1: Fly out, F8 (Flyball, 8RS, EV 78.8 MPH)
|
| Bottom of the 8th over - 0 runs, 0 hits, 0 errors, 0 left on base; Arizona 5 - Cincinnati 0 |
| TOP OF THE 9TH |
|
Arizona Diamondbacks batting - Pitching for Cincinnati Reds : RHP Ragnar Alqvist
|
|
Batting: RHB Katilimomi Kelekolio
|
0-0: Ball 1-0: TRIPLE (Line Drive, 89XD, EV 103.1 MPH)
|
|
Batting: LHB Roy Steigerwald
|
0-0: Called Strike 0-1: Foul Ball, location: 2F 0-2: Ball 1-2: Foul Ball, location: 2F 1-2: Foul Ball, location: 2F 1-2: Ball 2-2: Strikes out swinging
|
|
Batting: SHB Alec Thorpe
|
0-0: Ball 1-0: Called Strike 1-1: Called Strike 1-2: Ball 2-2: Foul Ball, location: 2F 2-2: Ground out 5-3 (Groundball, 56, EV 80.6 MPH) Katilimomi Kelekolio scores
|
|
Batting: SHB Perry Tuckfard
|
0-0: Called Strike 0-1: Ball 1-1: Swinging Strike 1-2: Strikes out swinging
|
| Top of the 9th over - 1 run, 1 hit, 0 errors, 0 left on base; Arizona 6 - Cincinnati 0 |
| BOTTOM OF THE 9TH |
|
Cincinnati Reds batting - Pitching for Arizona Diamondbacks : RHP Nate Machado
|
|
Batting: LHB Ricky Ayon
|
0-0: Ball 1-0: Ball 2-0: Ball 3-0: Called Strike 3-1: Called Strike 3-2: Foul Ball, location: 2F 3-2: Base on Balls
|
|
Pitching: RHP David Mendoza
|
|
|
Batting: RHB Joseph Kirchmann
|
0-0: Called Strike 0-1: Called Strike 0-2: Ball 1-2: Ball 2-2: Ball 3-2: Base on Balls Ricky Ayon to second
|
|
Batting: SHB Jun Tsuda
|
0-0: SINGLE (Line Drive, 89S, EV 94.4 MPH) Ricky Ayon to third Joseph Kirchmann to second
|
|
Batting: LHB Chris Grunwald
|
0-0: Ball 1-0: Ball 2-0: Ball 3-0: Called Strike 3-1: Base on Balls Ricky Ayon scores Joseph Kirchmann to third Jun Tsuda to second
|
|
Batting: SHB Dave Barefoot
|
0-0: Foul Ball, location: 2F 0-1: Ball 1-1: Foul Ball, location: 2F 1-2: Strikes out looking
|
|
Pinch Hitting: SHB Tony Prado
|
0-0: Foul Ball, location: 2F 0-1: Called Strike 0-2: Foul Ball, location: 2F 0-2: Ball 1-2: Strikes out looking
|
|
Batting: RHB Willie Lazcano
|
0-0: Ball 1-0: Ball 2-0: Ground out 3-1 (Groundball, 34, EV 101.2 MPH)
|
| Bottom of the 9th over - 1 run, 1 hit, 0 errors, 3 left on base; Arizona 6 - Cincinnati 1 |
|